 Dungeon Crawl Stone Soup version 0.27.0-1-g7a089689b8 (webtiles) character file.

Game seed: 5108523650133036130

1402 HoaS the Cruncher (level 8, -4/44 HPs)
             Began as a Gargoyle Gladiator on Aug 12, 2021.
             Was a Follower of Okawaru.
             Killed from afar by a gargoyle (21 damage)
             ... with a stone arrow
             ... on level 6 of the Dungeon.
             The game lasted 00:07:47 (6042 turns).

HoaS the Cruncher (Gargoyle Gladiator)              Turns: 6042, Time: 00:07:48

Health: -4/44      AC: 18    Str: 21    XL:     8   Next: 69%
Magic:  8/10       EV: 10    Int:  8    God:    Okawaru [*.....]
Gold:   229        SH:  0    Dex: 11    Spells: 7/7 levels left

rFire    . . .     SeeInvis .   a - +1 quarterstaff
rCold    . . .     Faith    .   (shield currently unavailable)
rNeg     + . .     Spirit   .   q - +0 chain mail
rPois    ∞         Reflect  .   c - +1 helmet
rElec    +         Harm     .   (no cloak)
rCorr    +         Rampage  .   n - +0 pair of gloves
Will     .....                  (no boots)
Stlth    ..........             (no amulet)
HPRegen  0.14/turn              o - ring of resist corrosion
MPRegen  0.12/turn              (no ring)

@: heroic
A: sickness immunity, AC +5, negative energy resistance 1, electricity
resistance, torment resistance 1, petrification resistance
a: Renounce Religion, Heroism


You were on level 6 of the Dungeon.
You worshipped Okawaru.
Okawaru was aware of your devotion.
You visited 2 branches of the dungeon, and saw 7 of its levels.

You collected 229 gold pieces.

Inventory:

Hand Weapons
 a - a +1 quarterstaff (weapon)
Missiles
 g - 48 arrows
 j - 11 boomerangs (quivered)
 m - 17 poisoned darts
 p - 6 curare-tipped darts
Armour
 c - a +1 helmet (worn)
 n - a +0 pair of gloves (worn)
 q - a +0 chain mail (worn)
Jewellery
 o - a ring of resist corrosion (left hand)
Wands
 t - a wand of digging (2)
Scrolls
 v - 2 scrolls of teleportation
Potions
 e - 2 potions of lignification
 f - a potion of flight
 h - 4 potions of curing
 i - a potion of resistance {unknown}
 k - 2 potions of invisibility {unknown}
 l - a potion of might {unknown}
 r - 2 potions of attraction {unknown}
 s - a potion of degeneration {unknown}
 u - a potion of ambrosia {unknown}


   Skills:
 - Level 2.1(7.1) Fighting
 * Level 10.1(15.1) Staves
 - Level 2.0(7.0) Bows
 - Level 1.7(6.7) Throwing
 - Level 2.4(7.4) Dodging
 - Level 3.0 Invocations


You had 7 spell levels left.
You didn't know any spells.
Your spell library contained the following spells:

 Spells                   Type           Power      Damage    Failure   Level
 Corona                   Hex            0%         N/A       98%         1
 Ensorcelled Hibernation  Hex/Ice        0%         N/A       99%         2
 Passwall                 Tmut/Erth      0%         N/A       99%         2
 Slow                     Hex            0%         N/A       99%         2
 Confusing Touch          Hex            0%         N/A       100%        3
 Swiftness                Air            0%         N/A       100%        3
 Tukima's Dance           Hex            0%         N/A       100%        3
 Yara's Violent Unravell  Hex/Tmut       0%         3d3       100%        5
 Invisibility             Hex            0%         N/A       100%        6


Dungeon Overview and Level Annotations

Branches:
Dungeon (6/15)             Temple (1/1) D:5

Altars:
Cheibriados
Dithmenos
Elyvilon
Gozag
Hepliaklqana
Makhleb
Nemelex Xobeh
Okawaru
Ru
Sif Muna
Trog
Uskayaw
Vehumet
Wu Jian
Xom
Yredelemnul
The Shining One

Annotations:
D:6 Prince Ribbit


Innate Abilities, Weirdness & Mutations

You are immune to sickness and miasma.
Your stone body is resilient. (AC +5)
You are immune to poison.
You resist negative energy. (rN+)
You are resistant to electric shocks. (rElec)
You are resistant to unholy torment.
You are immune to petrification.


Message History

You kill the orc!
Okawaru accepts your kill.
You start resting.
HP restored.
j - 11 boomerangs (gained 5)
Items here: )) [ †.
You see here a +0 flail.
Found 5 sling bullets.
A gargoyle comes into view. It is wielding a +0 flail.
A gargoyle is nearby!
The gargoyle hits you with a +0 flail!
You throw a throwing net. The throwing net hits the gargoyle.
The gargoyle is caught in the net!
The gargoyle struggles against the net.
Okay, then.
Okay, then.
You hit the gargoyle but do no damage. You hit the gargoyle.
The gargoyle is lightly damaged.
The gargoyle hurls a stone arrow at you.
The stone arrow hits you!
The gargoyle struggles against the net.
You hit the gargoyle but do no damage.
The gargoyle is lightly damaged.
You hit the gargoyle but do no damage.
The gargoyle is lightly damaged.
The gargoyle struggles against the net.
You hit the gargoyle but do no damage.
The gargoyle is lightly damaged.
The gargoyle struggles against the net.
You gain the combat prowess of a mighty hero.
The gargoyle struggles against the net.
The net rips apart, and the gargoyle comes free!
You barely miss the gargoyle. You hit the gargoyle.
The gargoyle is lightly damaged.
The gargoyle barely misses you.
You hit the gargoyle but do no damage.
The gargoyle is lightly damaged.
The gargoyle hurls a stone arrow at you.
The stone arrow hits you!!
You die...

#.......
##..........
#.....###...........
#.....#............
#..................
##......##..........
.
#......####.........
......##..#
#.........
.....###..#
#.###..#..(
#.....9@..####.#
#.#...
##.............##
.....
#.....####.....#
....# #....#
##....####..# ......
#.......##..# ...##.
#.............# ..#
# ...###...##....##
.. .## ##..###...##
#...###....


You could see a gargoyle.

Vanquished Creatures
  Grinder (D:6)
  A steam dragon (D:6)
  2 ogres (D:5)
  A sky beast (D:5)
  A phantom (D:4)
  A wyvern zombie (D:6)
  3 scorpions
  A bullfrog zombie (D:5)
  A centaur zombie (D:6)
  An orc priest (D:6)
  2 hounds (D:5)
  A jelly (D:4)
  A centaur skeleton (D:4)
  An iguana (D:5)
  Natasha (thrice) (D:2)
  2 orc wizards (D:5)
  8 adders
  A worm (D:4)
  A dart slug (D:2)
  13 orcs
  A bat (D:1)
  6 endoplasms
  3 giant cockroaches
  4 goblins
  3 hobgoblins
  2 jackals (D:4)
  2 quokkas
  10 ball pythons
  2 frilled lizards
  6 kobolds
  A quokka skeleton (D:4)
  2 rats
88 creatures vanquished.

Vanquished Creatures (others)
  An orc wizard (D:5)
  A worm (D:2)
  3 plants (D:2)
5 creatures vanquished.

Grand Total: 93 creatures vanquished

Notes
Turn   | Place    | Note
-------+----------+-------------------------------------------
     0 | D:1      | HoaS the Gargoyle Gladiator began the quest for the Orb.
     0 | D:1      | Reached XP level 1. HP: 12/12 MP: 1/1
   496 | D:1      | Reached XP level 2. HP: 16/17 MP: 2/2
   933 | D:2      | Reached skill level 4 in Staves
   960 | D:2      | Reached XP level 3. HP: 20/21 MP: 3/3
  1075 | D:2      | Found a faded altar of an unknown god.
  1768 | D:2      | Noticed Natasha
  1776 | D:2      | Killed Natasha
  1777 | D:2      | Reached skill level 5 in Staves
  1777 | D:2      | Reached XP level 4. HP: 26/26 MP: 4/4
  1799 | D:2      | Noticed Natasha
  1808 | D:2      | HP: 1/26 [worm (3)]
  1810 | D:2      | Killed Natasha
  2330 | D:2      | Noticed Natasha
  2340 | D:2      | Killed Natasha
  2341 | D:2      | Reached XP level 5. HP: 18/30 MP: 5/5
  2459 | D:3      | Found an ornate altar of the Wu Jian Council.
  3113 | D:3      | Reached skill level 6 in Staves
  3562 | D:4      | Found a radiant altar of Vehumet.
  3592 | D:4      | Reached XP level 6. HP: 23/35 MP: 6/6
  3775 | D:4      | Found a hazy altar of Hepliaklqana.
  3927 | D:4      | Reached skill level 7 in Staves
  4147 | D:5      | Entered Level 5 of the Dungeon
  4160 | D:5      | Reached XP level 7. HP: 23/40 MP: 7/7
  4311 | D:5      | Reached skill level 8 in Staves
  4510 | D:5      | Found a staircase to the Ecumenical Temple.
  4571 | Temple   | Entered the Ecumenical Temple
  4622 | Temple   | Became a worshipper of Warmaster Okawaru
  4718 | D:5      | Reached skill level 1 in Bows
  4718 | D:5      | Reached skill level 1 in Invocations
  4734 | D:5      | Found a shimmering altar of Xom.
  4838 | D:5      | Reached XP level 8. HP: 18/44 MP: 9/9
  5230 | D:5      | Reached skill level 9 in Staves
  5676 | D:6      | Noticed Prince Ribbit
  5852 | D:6      | Noticed Grinder
  5867 | D:6      | Killed Grinder
  5867 | D:6      | Reached * piety under Okawaru
  5868 | D:6      | Reached skill level 10 in Staves
  6031 | D:6      | Noticed a gargoyle
  6042 | D:6      | Killed from afar by a gargoyle

Illustrated notes

Levels and vault maps discovered:
D:1:      onia_arrival_pyramid, layout_basic, serial_curves, eino_curves_03,
          eino_curves_01, feat_on_display
D:2:      layout_basic, hellmonk_ecumenical_altar_blasted,
          minmay_shallow_snake_nest, uniq_natasha
D:3:      layout_loops_cross, nzn_wu_jian_contemplation
D:4:      layout_loops_ring, nicolae_overflow_crystal_walls, lemuel_tele_altar,
          kennysheep_generic_room_9
D:5:      layout_loops_ring, lemuel_coloured_pillars_altar,
          minmay_temple_entry_glass, minmay_misc_feat_rugged
D:6:      layout_layer_cave, mainiacjoe_overflow_divided_tiny, uniq_grinder,
          uniq_crazy_yiuf_cottage, uniq_prince_ribbit1
Temple:   cyrus_circular_temple

Skill      XL: |  1  2  3  4  5  6  7  8 |
---------------+-------------------------+-----
Staves         | 4 5 6 7 8 10 | 10.1
Bows           | 1 2 |  2.0
Invocations    | 1 3 |  3.0
Fighting       | |  2.1
Throwing       | |  1.7
Dodging        | |  2.4

Action                   |  1- 3 |  4- 6 |  7- 9 || total
-------------------------+-------+-------+-------++-------
Melee: Quarterstaff      |    80 |   177 |   153 ||   410
Throw: Throwing net      |       |     1 |     2 ||     3
       Dart              |       |       |     4 ||     4
Invok: Heroism           |       |       |     1 ||     1
  Use: Scroll            |     2 |     4 |     2 ||     8
 Stab: Sleeping          |     1 |       |       ||     1
Armor: Leather armour    |    36 |    21 |       ||    57
       Chain mail        |       |    72 |    88 ||   160
Dodge: Dodged            |    48 |    83 |    43 ||   174
